 Dungeon Crawl Stone Soup version 0.29.1-12-g30fa7ad0bf (webtiles) character file.

Game seed: 3007719216338330052

415 mopl the Chopper (level 7, -3/60 HPs)
             Began as a Meteoran Fighter on Jan 5, 2023.
             Slain by an ogre
             ... wielding a +0 giant club
              (20 damage)
             ... on level 6 of the Dungeon.
             The game lasted 00:05:40 (1316 turns).

mopl the Chopper (Meteoran Fighter)                 Turns: 1316, Time: 00:05:40

Health: -3/60      AC: 12    Str: 19    XL:     7   Next: 38%
Magic:  8/8        EV:  7    Int: 10    God:
Gold:   272        SH:  5    Dex: 14    Spells: 6/6 levels left

rFire   . . .      SeeInvis .   b - +1 spear (venom)
rCold   . . .      Faith    .   c - +0 buckler
rNeg    . . .      Spirit   .   n - +0 chain mail
rPois   .          Reflect  .   p - +0 helmet
rElec   .          Harm     .   (no cloak)
rCorr   .          Rampage  .   w - +0 pair of gloves
Will    .....                   (no boots)
Stlth   ..........              (no amulet)
HPRegen 0.20/turn               (no ring)
MPRegen 0.11/turn               (no ring)

@: glowing
A: sense surroundings 1, otherworldly, glowing, explore regen
a: no special abilities


You were on level 6 of the Dungeon.
You visited 1 branch of the dungeon, and saw 6 of its levels.

You collected 272 gold pieces.

Inventory:

Hand Weapons
 a - a +0 war axe
 b - a +1 spear of venom (weapon)
 t - a +2 sling of freezing
Missiles
 e - 17 poisoned darts (quivered)
 i - 6 javelins
Armour
 c - a +0 buckler (worn)
 n - a +0 chain mail (worn)
 p - a +0 helmet (worn)
 w - a +0 pair of gloves (worn)
Scrolls
 f - a scroll of magic mapping {unknown}
 j - 4 scrolls of identify {unknown}
 k - 2 scrolls of fear {unknown}
 m - 4 scrolls of noise {unknown}
 q - a scroll of immolation {unknown}
 r - a scroll of enchant weapon {unknown}
 s - a scroll of brand weapon {unknown}
 u - 3 scrolls of teleportation {unknown}
Potions
 d - 2 potions of might
 g - a potion of ambrosia {unknown}
 h - 2 potions of berserk rage {unknown}
 l - a potion of mutation {unknown}
 o - 2 potions of curing {unknown}
 v - a potion of brilliance {unknown}


   Skills:
 + Level 4.9 Fighting
 * Level 6.3 Axes
 + Level 5.5 Armour
 - Level 3.6 Shields


You had 6 spell levels left.
You didn't know any spells.
Your spell library was empty.

Dungeon Overview and Level Annotations

Branches:
Dungeon (7/15) Zot: 2220
 Temple: D:4-7

Altars:


Innate Abilities, Weirdness & Mutations

You passively map a small area around you.
You are easily found by Zot.
You glow in the dark.
You regain HP and MP as you explore.


Message History

You see here a +0 leather armour.
You open the door.
There is an open door here.
Found a glowing spear.
You see here a +1 spear of venom.
w - a +1 spear of venom You open the door.
Found a scroll labelled LOSUGU JOITHEU.
There is an open door here.
j - 4 scrolls labelled LOSUGU JOITHEU (gained 1)
You open the door.
There is an open door here.
Adjust to which letter? (? for menu, Esc to quit)
b - a +1 spear of venom;
w - a +0 pair of gloves (worn)
As you open the door, it creaks loudly!
You hear a shout!
Found a stone staircase leading up.
An ogre comes into view. It is wielding a +0 giant club.
The ogre shouts!
There is an open door here.
The ogre hits you with a +0 giant club!
You barely miss the ogre.
The ogre hits you with a +0 giant club!!
You are too injured to fight recklessly!
You are too injured to fight recklessly!
You are too injured to fight recklessly!
You hit the ogre.
The ogre is lightly wounded.
The ogre hits you with a +0 giant club!
* * * LOW HITPOINT WARNING * * *
Sorry, you're not good enough to have a special ability.
Unknown command.
The ogre attacks as you move away! You block the ogre's attack.
Your +1 spear of venom begins to drip with poison!
b - a +1 spear of venom (weapon)
You hit the ogre.
The ogre is moderately wounded.
You hit the ogre.
The ogre is poisoned.
The ogre is moderately wounded.
The ogre hits you with a +0 giant club!!
You die...

* , * ,,* ####### #####
* , , #.....# #.... , ,
#.....# #.... *
########.....# #....
.......<.....#######....
* *#...@O....'.....'....
#.###.....#######.... ,*
#.....# #.... * #.....#
#.... #.....# #....
#.....# #.... #######
#####


You could see an ogre (very poisoned).

Vanquished Creatures
  A black bear (D:7)
  A centaur (D:7)
  A kobold brigand (D:6)
  2 orc wizards (D:3)
  6 adders
  A worm (D:3)
  2 dart slugs (D:3)
  8 orcs
  10 ball pythons
  5 endoplasms
  2 giant cockroaches (D:3)
  3 goblins
  4 quokkas
  3 bats
  4 frilled lizards
  5 kobolds
  3 rats (D:3)
61 creatures vanquished.

Vanquished Creatures (others)
  A fungus (D:3)
  3 plants (D:3)
4 creatures vanquished.

Grand Total: 65 creatures vanquished

Notes
Turn   | Place    | Note
-------+----------+-------------------------------------------
     0 | D:1      | mopl the Meteoran Fighter began the quest for the Orb.
     0 | D:1      | Reached XP level 1. HP: 19/19 MP: 2/2
    45 | D:1      | Reached XP level 2. HP: 24/26 MP: 3/3
   251 | D:1      | Reached skill level 3 in Axes
   331 | D:2      | Reached XP level 3. HP: 31/31 MP: 4/4
   362 | D:2      | Reached skill level 4 in Armour
   491 | D:2      | Reached XP level 4. HP: 33/40 MP: 5/5
   535 | D:2      | Reached skill level 4 in Axes
   728 | D:3      | Reached skill level 4 in Fighting
   728 | D:3      | Reached XP level 5. HP: 45/46 MP: 6/6
   821 | D:3      | Found a faded altar of an unknown god.
   947 | D:3      | Reached XP level 6. HP: 45/52 MP: 7/7
   955 | D:3      | Reached skill level 5 in Axes
  1166 | D:4      | You fall into a shaft and drop 3 floors!
  1169 | D:7      | Noticed a centaur
  1178 | D:7      | Killed a centaur
  1179 | D:7      | Reached skill level 5 in Armour
  1192 | D:7      | Noticed a black bear
  1207 | D:7      | Killed a black bear
  1208 | D:7      | Reached skill level 6 in Axes
  1208 | D:7      | Reached XP level 7. HP: 5/60 MP: 8/8
  1316 | D:6      | Slain by an ogre

Illustrated notes

Levels and vault maps discovered:
D:1:      dpeg_chamrin_arrival_tetris, layout_loops_ring,
          palyth_stone_intersect, dreamdust_wishing_well
D:2:      minmay_wonky_spiral, layout_basic
D:3:      layout_rooms, shapermc_ecumenical_altar_acropolis
D:4:      layout_basic, mainiacjoe_overflow_alcove_1
D:6:      layout_basic
D:7:      layout_cave_pools, serial_column_ruins,
          column_ruins_corridor_straight, column_ruins_open_small_water,
          column_ruins_corridor_T, column_ruins_grid_1, column_ruins_open_tiny

Skill      XL: |  1  2  3  4  5  6 |
---------------+-------------------+-----
Axes           | 3 4 6 |  6.3
Armour         | 4 5 |  5.5
Fighting       | 4 |  4.9
Shields        | |  3.6

Action                   |  1- 3 |  4- 6 |  7- 9 || total
-------------------------+-------+-------+-------++-------
Melee: War axe           |    52 |   117 |    14 ||   183
       Spear             |       |       |     2 ||     2
Armor: Scale mail        |    28 |     5 |       ||    33
       Chain mail        |       |    94 |     4 ||    98
Dodge: Dodged            |    16 |    46 |     3 ||    65
Block: Buckler           |    17 |    40 |     5 ||    62
